 Dungeon Crawl Stone Soup version 0.29.1-1-gd02db69 (webtiles) character file.

Game seed: 12390193658776461661

627 Jonnyslop the Cudgeller (level 7, -7/105 HPs)
             Began as a Troll Fighter on Mar 3, 2023.
             Was a Follower of Uskayaw.
             Mangled by an orc warrior
             ... wielding a +0 morningstar
              (16 damage)
             ... on level 4 of the Dungeon on Mar 5, 2023.
             The game lasted 00:08:09 (3199 turns).

Jonnyslop the Cudgeller (Troll Fighter)             Turns: 3199, Time: 00:08:10

Health: -7/105     AC:  5    Str: 27    XL:     7   Next: 23%
Magic:  3/8        EV: 10    Int:  4    God:    Uskayaw [*.....]
Gold:   253        SH:  0    Dex:  9    Spells: 6/6 levels left

rFire   . . .      SeeInvis .   a - +0 flail
rCold   . . .      Faith    .   (no shield)
rNeg    . . .      Spirit   .   b - +1 robe
rPois   .          Reflect  .   (helmet restricted)
rElec   .          Harm     .   (no cloak)
rCorr   .          Rampage  .   (gloves unavailable)
Will    .....                   (boots unavailable)
Stlth   ..........              (no amulet)
HPRegen 1.07/turn               (no ring)
MPRegen 0.11/turn               (no ring)

@: mighty, berserking, studying Maces & Flails, very quick
A: large, unfitting armour, claws 3, regeneration 1, shaggy fur 1, tough skin 1
a: Renounce Religion, Stomp


You were on level 4 of the Dungeon.
You worshipped Uskayaw.
Uskayaw was noncommittal.
You visited 1 branch of the dungeon, and saw 4 of its levels.

You collected 253 gold pieces.

Inventory:

Hand Weapons
 a - a +0 flail (weapon)
 m - a +0 giant club
Missiles
 n - 3 poisoned darts (quivered)
Armour
 b - a +1 robe (worn)
Jewellery
 o - a ring of willpower
Scrolls
 j - 2 scrolls of enchant armour
 l - 3 scrolls of teleportation
Potions
 c - a potion of ambrosia {unknown}
 e - 4 potions of curing
 f - a potion of invisibility {unknown}
 g - 3 potions of attraction
 h - 2 potions of cancellation {unknown}
 i - a potion of berserk rage
 k - 2 potions of mutation {unknown}
 p - 2 potions of heal wounds {unknown}
 q - a potion of brilliance {unknown}


   Skills:
 + Level 4.1 Fighting
 * Level 5.6 Maces & Flails
 - Level 2.5 Dodging
 - Level 2.8 Shields
 + Level 2.7 Invocations


You had 6 spell levels left.
You didn't know any spells.
Your spell library was empty.

Dungeon Overview and Level Annotations

Branches:
Dungeon (4/15)
 Temple: D:4-7

Altars:
Uskayaw

Annotations:
D:3 2 transporters, LeafLetters's ghost, weakling MiMo


Innate Abilities, Weirdness & Mutations

You are too large for most types of armour.
You have claws for hands.
Your natural rate of healing is unusually fast.
You are covered in fur. (AC +1)
You have tough skin. (AC +1)


Message History

The orc warrior hits you but does no damage.
You hit the orc warrior.
The orc warrior is heavily wounded.
The orc warrior hits you with a +0 morningstar!!
The orc warrior hits you with a +0 morningstar!
You stomp with the beat, sending a shockwave through the revellers around you!
The orc warrior is severely wounded.
You can no longer stomp with the beat.
The orc warrior barely misses you.
You can now stomp with the beat.
You feel very mighty all of a sudden.
The orc warrior hits you with a +0 morningstar!
* * * LOW HITPOINT WARNING * * *
You barely miss the orc warrior.
The orc warrior is severely wounded.
The orc warrior misses you.
A red film seems to cover your vision as you go berserk!
You feel yourself moving faster!
You feel mighty!
The orc warrior hits you with a +0 morningstar!
* * * LOW HITPOINT WARNING * * *
You hit the orc warrior but do no damage.
The orc warrior is severely wounded.
You hit the orc warrior but do no damage.
The orc warrior is severely wounded.
The orc warrior misses you.
You hit the orc warrior but do no damage.
You claw the orc warrior, but do no damage.
The orc warrior is severely wounded.
The orc warrior hits you with a +0 morningstar!
* * * LOW HITPOINT WARNING * * *
You barely miss the orc warrior.
The orc warrior is severely wounded.
You barely miss the orc warrior.
The orc warrior is severely wounded.
The orc warrior hits you with a +0 morningstar.
* * * LOW HITPOINT WARNING * * *
You barely miss the orc warrior.
The orc warrior is severely wounded.
The orc warrior hits you with a +0 morningstar!
You die...

##......................#.....#..
.#.......####.....####..#.....+..
.+.......#[.##...##..#..########.
.#....>..#...##.##...#.........##
.#.......##..)#.#)..##...........
......<...##.'#.#).##............
...........###...###.............
#..............8.................
...........###..@###...########..
#.........## +#.#og##..#......###
.........## #.#o..##.#.........
.........# ##.##...#.#.).......
.#.......# ##...##.$#.##........
.#.......####.....####.##.....##.
.#...................^.##.....##.
.#..............#................
.#.........#....#................


You could see an orc warrior, an orc and a hobgoblin.

Vanquished Creatures
  Sigmund (D:4)
  A black bear (D:4)
  2 ogres (D:4)
  A hound (D:4)
  An iguana (D:4)
  An orc wizard (D:4)
  3 adders
  2 worms
  3 dart slugs
  9 orcs
  9 ball pythons
  6 endoplasms
  6 giant cockroaches
  12 goblins
  3 hobgoblins
  5 quokkas
  3 bats (D:1)
  A frilled lizard (D:1)
  12 kobolds
  4 rats
85 creatures vanquished.

Notes
Turn   | Place    | Note
-------+----------+-------------------------------------------
     0 | D:1      | Jonnyslop the Troll Fighter began the quest for the Orb.
     0 | D:1      | Reached XP level 1. HP: 22/22 MP: 0/0
   146 | D:1      | Reached XP level 2. HP: 29/29 MP: 1/1
   165 | D:1      | Found a faded altar of an unknown god.
   190 | D:1      | Prayed at the altar of an unknown god.
   190 | D:1      | Became a worshipper of Uskayaw the Reveller
   190 | D:1      | Reached * piety under Uskayaw
   269 | D:1      | Reached skill level 2 in Maces & Flails
   269 | D:1      | Reached ** piety under Uskayaw
   709 | D:1      | Reached XP level 3. HP: 36/36 MP: 2/2
  1074 | D:2      | Reached skill level 3 in Maces & Flails
  1398 | D:3      | Noticed a small abomination
  1405 | D:3      | Found a transporter.
  1418 | D:3      | Noticed an ancient zyme
  1424 | D:3      | Found a transporter.
  1425 | D:3      | Noticed LeafLetters's ghost (weakling MiMo)
  1562 | D:3      | Reached XP level 4. HP: 45/45 MP: 3/3
  1633 | D:3      | Reached *** piety under Uskayaw
  2322 | D:4      | Noticed an ogre
  2328 | D:4      | Killed an ogre
  2329 | D:4      | Reached skill level 1 in Invocations
  2329 | D:4      | Reached XP level 5. HP: 53/53 MP: 4/4
  2466 | D:4      | Reached skill level 4 in Maces & Flails
  2570 | D:4      | Noticed a black bear
  2578 | D:4      | Killed a black bear
  2579 | D:4      | Reached XP level 6. HP: 43/61 MP: 4/6
  2642 | D:4      | Noticed Sigmund
  2657 | D:4      | Killed Sigmund
  2658 | D:4      | Reached skill level 5 in Maces & Flails
  2877 | D:4      | Reached XP level 7. HP: 31/70 MP: 7/7
  3199 | D:4      | Mangled by an orc warrior

Illustrated notes

Levels and vault maps discovered:
D:1:      elethiomel_arrival_shortcut, layout_basic, serial_rivers,
          chequers_serial_rivers_micro_e, chequers_serial_rivers_micro_b,
          chequers_serial_rivers_micro_b, chequers_serial_rivers_room_b,
          chequers_serial_rivers_micro_a, chequers_ecumenical_altar_island
D:2:      layout_basic
D:3:      layout_basic, gammafunk_ghost_abyssal_escape
D:4:      cheibrodos_barr_body, layout_gridville, serial_glass, glass_columns_a,
          glass_columns_b, minmay_manual_mail, uniq_sigmund

Skill      XL: |  1  2  3  4  5  6 |
---------------+-------------------+-----
Maces & Flails | 2 3 4 5 |  5.6
Fighting       | 3 4 |  4.1
Invocations    | 1 2 |  2.7
Dodging        | |  2.5
Shields        | |  2.8

Action                   |  1- 3 |  4- 6 |  7- 9 || total
-------------------------+-------+-------+-------++-------
Melee: Flail             |   150 |    98 |    48 ||   296
       Punch             |     3 |     1 |     2 ||     6
Invok: Stomp             |       |       |     2 ||     2
  Use: Scroll            |     5 |     4 |       ||     9
       Potion            |       |     2 |     2 ||     4
 Stab: Sleeping          |     1 |       |       ||     1
       Paralysed         |       |     1 |     2 ||     3
Armor: Robe              |    79 |    29 |    12 ||   120
Dodge: Dodged            |    98 |    56 |    31 ||   185
